AoeStats
← RoR | Vodka_L_2

Arena

510295937Analyzed
1v1 RM · 1d ago on Sep 30, 2026· 21m 27s· 2 players
Game mode
Random Map
Map size
Tiny (2 player)
Population
200
Speed
Normal
Resources
Standard
Victory
Conquest
Starting age
Dark Age
Ending age
Imperial Age
RankedLock teamsTeams togetherTeam positionsShared explorationLock speedFull tech treeHidden civsTurbo modeCheats
Victory
Defeat
🇫🇮 Burmese · Finland
2601
+13
🇮🇹 Muisca · Italy
2529
-13
RoR | Vodka_L_2
9:40 Feudal Age
13:14 Castle Age
11:27 Horse Collar
11:55 Double-Bit Axe
14:57 Bow Saw
16:17 Gold Mining
16:46 Loom
18:41 Atonement
19:36 Devotion
20:05 Fervor
20:40 Town Watch
21:27 Redemption
Valas
9:43 Feudal Age
9:11 Loom
13:39 Castle Age
12:08 Gold Mining
13:02 Horse Collar
14:59 Loom
16:15 Sanctity
17:08 Atonement
18:58 Redemption
18:47 Town Watch
19:29 Fervor
21:52 Devotion
Connection lost

Rejoining the realm…

Still unreachable

The connection could not be restored.

Session expired

The server has moved on; the page needs a fresh start.